[Event "*** Titled Tuesday Blitz"]
[Site "Chess.com"]
[Date "2021.02.02"]
[Round "7"]
[White "Sergey85Rodchenkov"]
[Black "lamomiablanca"]
[Result "1-0"]
[WhiteElo "2508"]
[BlackElo "2281"]
[TimeControl "180+1"]
[EndTime "11:20:04 PST"]
[Termination "Sergey85Rodchenkov won on time"]

1. e4 c5 2. Nf3 Nc6 3. d4 cxd4 4. Nxd4 g6 5. Nc3 Bg7 6. Nb3 Nf6 7. Be2 O-O 8. O-O d6 9. Bg5 a6 10. a4 Be6 11.
Re1 Rc8 12. Qd2 Ne5 13. Rad1 Nc4 14. Bxc4 Bxc4 15. Bh6 Bxb3 16. Bxg7 Kxg7 17. cxb3 Qb6 18. Nd5 Nxd5 19. exd5 Rfe8 20. Re3 Qc5 21. h4 h5 22. Rde1 Qc7 23. Qd4+ Kg8 24. Qf4 Qd7 25. Qg5 Rc7 26. Rg3 Kh7 27. Qe3 Rc5 28. Rf3 Kg8 29. Qd4 b5 30.
Rfe3 Qb7 31. Rd1 bxa4 32. Qxa4 Rb8 33. b4 Rxd5 34. Rxd5 Qxd5 35. Qxa6 Rxb4 36. Qe2 e5 37. Rd3 Rd4 38. Rc3 Rd1+ 39. Kh2 Rd2 40. Qe3 Qd4 41. Qg5 Qxf2 42. Rc8+ Kg7 43. Rc7 Qf4+ 44. Qxf4 exf4 45.
b4 f3 46. Kg1 Rxg2+ 47. Kf1 Rg4 48. b5 Rxh4 49. b6 Rb4 50. b7 g5 51. Kf2 g4 52.
Kg3 Kg6 53. Rd7 1-0

[Event "*** Titled Tuesday Blitz"]
[Site "Chess.com"]
[Date "2021.02.02"]
[Round "7"]
[White "CheckThis4"]
[Black "imdvb6307"]
[Result "1-0"]
[WhiteElo "2570"]
[BlackElo "2374"]
[TimeControl "180+1"]
[EndTime "11:20:05 PST"]
[Termination "CheckThis4 won by resignation"]

1. d4 d5 2. c4 c6 3. Nc3 Nf6 4.
Nf3 e6 5. Bg5 Nbd7 6. cxd5 exd5 7. e3 Qa5 8. Bd3 Ne4 9. O-O Nxg5 10. Nxg5 Nf6 11. e4 dxe4 12. Ncxe4 Nxe4 13. Nxe4 Be7 14. Re1 Be6 15. a3 O-O 16. b4 Qd5 17. Nc5 Bxc5 18. dxc5 Rfd8 19. Be4 Qxd1 20. Raxd1 Kf8 21. f4 g6 22. Kf2 Bb3 23. Rb1 Bd5 24. Bc2 Bxg2 25. Re2 Bd5 26. Kg3 Re8 27. Rf2 Re3+ 28. Kg4 Rxa3 29. f5 Kg7 30. f6+ Kg8 31. Re1 h5+ 32. Kg5 Kf8 33. Re7 b6 34. Kh6 bxc5 35. bxc5 Re8 36.
Rxe8+ Kxe8 37. Kg7 Re3 38. Rd2 g5 39. Bg6 h4 40.
Rxd5 cxd5 41. Bxf7+ Kd8 42. Bxd5 Re5 43. f7 Rf5 44.
f8=Q+ Rxf8 45. Kxf8 g4 46. Kf7 a5 47. Kf6 g3 48. hxg3 hxg3 49. Ke6 Kc7 50. Ke5 a4 51. Kd4 a3 52. Kc3 a2 53. Kb2 Kb8 54. Kxa2 Ka7 55. Kb3 1-0

[Event "*** Titled Tuesday Blitz"]
[Site "Chess.com"]
[Date "2021.02.02"]
[Round "7"]
[White "Das_Virus_2020"]
[Black "andy_rekt"]
[Result "1-0"]
[WhiteElo "2416"]
[BlackElo "2236"]
[TimeControl "180+1"]
[EndTime "11:20:05 PST"]
[Termination "Das_Virus_2020 won by resignation"]

1. e4 e6 2. Qe2 c5 3. Nf3 Nc6 4. g3 e5 5. c3 g6 6. Bg2 Bg7 7.
O-O Nge7 8. Rd1 O-O 9. Na3 d5 10.
d3 h6 11. Nc2 Be6 12. exd5 Nxd5 13. d4 exd4 14. cxd4 cxd4 15. Ncxd4 Bg4 16. Nxc6 bxc6 17.
h3 Re8 18. Qc4 Bd7 19. Nd4 Qb6 20. Nb3 Be6 21. Qc5 Rad8 22. Qxb6 axb6 23. Kh2 Nb4 24.
Rxd8 Rxd8 25. Be3 Bxb2 26. Rb1 Bg7 27. Bxb6 Rb8 28. Be3 Nxa2 29. Nd2 Rxb1 30. Nxb1 Nb4 31. Nd2 Kf8 32. Bc5+ Ke8 33. Bxb4 Kd7 34. Bf3 Bd4 35.
Kg2 c5 36. Ba3 c4 37. Ne4 f5 38. Nc5+ Bxc5 39. Bxc5 c3 40. Be3 g5 41. Bc1 Kd6 42. Be2 Kc5 43. Kf1 Kb4 44. Ke1 Kb3 45. Kd1 Bd5 46. Bd3 Bf3+ 47. Ke1 Be4 48. Bxe4 fxe4 49.
Kd1 Kc4 50. Kc2 Kd4 51. Be3+ Kc4 52. g4 Kb4 53. Bd4 Kc4 54. Bxc3 Kd5 55. Kd2 Kc4 56. Bg7 Kd5 57. Bxh6 1-0

[Event "*** Titled Tuesday Blitz"]
[Site "Chess.com"]
[Date "2021.02.02"]
[Round "7"]
[White "KarateBaby"]
[Black "profofchess"]
[Result "0-1"]
[WhiteElo "2224"]
[BlackElo "2396"]
[TimeControl "180+1"]
[EndTime "11:20:06 PST"]
[Termination "profofchess won by checkmate"]

1. b3 e5 2. Bb2 Nc6 3. Nf3 e4 4.
Nd4 Nxd4 5. Bxd4 Nf6 6. e3 d5 7. d3 c5 8. Bb2 exd3 9. Bxd3 Be7 10. Nd2 Be6 11. O-O O-O 12. c4 dxc4 13. Nxc4 Qc7 14. Qe2 b5 15. Ne5 Bd6 16. Nf3 c4 17. Bb1 c3 18.
Bc1 b4 19. Bc2 a5 20. Rd1 Rfd8 21. Nd4 Bxh2+ 22. Kf1 Bg4 23. f3 Bh5 24. e4 Rd7 25. Be3 Rad8 26. Nf5 Bg6 27. Nd4 Be5 28. Nb5 Qb8 29. Na7 Nh5 30. Nc6 Ng3+ 31. Kf2 Nxe2 32. Nxb8 Rxd1 33. Rxd1 Rxd1 34. Bxd1 Bxb8 35. Kxe2 Bc7 36.
Bc2 f6 37. Bd3 Bf7 38. Kd1 g5 39. Kc2 h5 40. Bc5 Kg7 41. a3 bxa3 42. Bxa3 Be5 43.
Bc5 Be8 44. Bf2 a4 45. bxa4 Bxa4+ 46. Kc1 Bb3 47. Bc2 Bc4 48. g3 Bb5 49. Bb3 Kg6 50. Kc2 Kg7 51. Be6 Kf8 52. Bf5 Ke7 53.
Bg6 h4 54. gxh4 gxh4 55. Bxh4 Kd6 56. Bf5 Ba4+ 57. Kd3 c2 58. Kd2 Bf4+ 59. Ke2 c1=Q 60. e5+ Kxe5 61. Be4 Qd2+ 62. Kf1 Bb5+ 63. Kg1 Qh2# 0-1

[Event "*** Titled Tuesday Blitz"]
[Site "Chess.com"]
[Date "2021.02.02"]
[Round "7"]
[White "Skatchkov_V"]
[Black "Walter_White_Poland"]
[Result "0-1"]
[WhiteElo "2524"]
[BlackElo "2330"]
[TimeControl "180+1"]
[EndTime "11:20:07 PST"]
[Termination "Walter_White_Poland won on time"]

1. Nf3 d5 2. g3 Nc6 3. d4 Bf5 4. Bg2 e6 5. O-O h6 6. c4 Nf6 7. Nc3 Be7 8. cxd5 exd5 9. Bf4 O-O 10. Rc1 a6 11. Ne5 Nxe5 12. dxe5 Ne4 13. Nxd5 c6 14. Nxe7+ Qxe7 15. h4 g5 16. hxg5 hxg5 17. Be3 Qxe5 18. Bxe4 Bxe4 19. Rc5 Bd5 20. Qd4 Qxd4 21.
Bxd4 f6 22. f3 Kf7 23. a3 Rad8 24. Bc3 b6 25. Rxd5 Rxd5 26. e4 Rd3 27. Kf2 Kg6 28. Rh1 Rdd8 29. Kg2 c5 30. Rf1 b5 31. f4 gxf4 32.
Rxf4 f5 33. exf5+ Rxf5 34. Rg4+ Kf7 35. Rg7+ Ke6 36. Rg6+ Kd5 37. Rxa6 Kc4 38. Re6 Kb3 39. g4 Rfd5 40. Re4 Rg8 41. Bf6 c4 42. g5 Rdxg5+ 43. Bxg5 Rxg5+ 44. Kf3 Kxb2 45. a4 c3 46. axb5 Rxb5 0-1

[Event "*** Titled Tuesday Blitz"]
[Site "Chess.com"]
[Date "2021.02.02"]
[Round "7"]
[White "TST2014"]
[Black "vovachesss"]
[Result "0-1"]
[WhiteElo "2550"]
[BlackElo "2742"]
[TimeControl "180+1"]
[EndTime "11:20:09 PST"]
[Termination "vovachesss won by checkmate"]

1. d4 Nf6 2. c4 d6 3. Nf3 g6 4. Nc3 Bf5 5. Ng5 Bg7 6. e4 Bd7 7. Be2 e5 8. d5 O-O 9. Rb1 a5 10. b3 h6 11. Nf3 Nh5 12. O-O Nf4 13. Re1 Na6 14. a3 Nc5 15. Bf1 f5 16. Bxf4 exf4 17. e5 Ne4 18. Nxe4 fxe4 19. Rxe4 Bf5 20. Rxf4 dxe5 21.
Rxf5 gxf5 22. g3 Qf6 23. Bh3 f4 24. Be6+ Kh8 25. g4 e4 26. Nd2 Qd4 27. Qe2 e3 28. Nf3 exf2+ 29. Qxf2 Qd3 30. Qf1 Qe3+ 31. Kg2 Rae8 32.
Qf2 Qd3 33. Qf1 Qc3 34. Qe2 c6 35. h4 cxd5 36. cxd5 Qc5 37. h5 Qxd5 38. Bxd5 Rxe2+ 39. Kh3 b6 40. Rc1 Rd8 41. Bb7 Re3 42. Kg2 Rxb3 43. Rc7 Rxa3 44. g5 Rxf3 45. Kxf3 hxg5 46. Kg4 a4 47.
Kxg5 a3 48. h6 Be5 49. Be4 Bxc7 50. Kg6 a2 51. Bb1 a1=Q 52. Ba2 Rd6+ 53. Kf5 Qf6+ 54. Ke4 Rd4+ 55. Kf3 Qg5 56. Be6 Qg3+ 57. Ke2 Qe3+ 58. Kf1 Rd2 59. Bc4 Qf2# 0-1

[Event "*** Titled Tuesday Blitz"]
[Site "Chess.com"]
[Date "2021.02.02"]
[Round "7"]
[White "chess4ever007"]
[Black "Tpros"]
[Result "1-0"]
[WhiteElo "2377"]
[BlackElo "2492"]
[TimeControl "180+1"]
[EndTime "11:20:09 PST"]
[Termination "chess4ever007 won by resignation"]

1. Nf3 Nf6 2. g3 g6 3. b3 Bg7 4.
Bb2 d6 5. Bg2 O-O 6. d4 Ne4 7. O-O Nd7 8. Nfd2 Nxd2 9. Qxd2 c5 10. e3 a6 11. Nc3 cxd4 12. exd4 e6 13. d5 e5 14. Ne4 Nf6 15. Nxf6+ Bxf6 16. c4 b5 17. c5 dxc5 18. d6 Ra7 19. Qd5 Rd7 20.
Rfd1 Qb6 21. Rac1 Rfd8 22. Qxc5 Qxc5 23. Rxc5 Kg7 24. Bh3 Rxd6 25. Rxd6 Rxd6 26. Bxc8 Rd2 27. Bxe5 Bxe5 28. Rxe5 Rxa2 29. b4 f5 30. Kg2 Ra4 31.
Re6 Rxb4 32. Bxa6 Rb2 33. Re7+ Kh6 34. Rb7 b4 35. Bc4 g5 36. Bg8 f4 37. Rxh7+ Kg6 38. Rb7 fxg3 39. hxg3 Kf6 40. Bc4 Ke5 41. Rd7 Rc2 42.
Bg8 Rc8 43. Bb3 Rc3 44. Bf7 Rc8 45. Rb7 Kf6 46. Bb3 Rc5 47. Rxb4 Kg7 48. Bd1 Kf6 49. Bf3 Re5 50. Re4 Ra5 51. Bg4 Kg7 52. Kf3 Ra3+ 53. Re3 Ra5 54. Be6 Kf6 55. Bc4 Rc5 56.
Be2 Ra5 57. Rb3 Rc5 58. Rb5 Rc3+ 59. Kg4 Rc2 60. Rf5+ Ke6 61. Bd3 Rd2 62. Rf3 Ke5 63. Kxg5 Rd1 64. Bf5 Rg1 65. Kg4 Kf6 66. Rf4 Kg7 67.
Kf3 Ra1 68. Re4 Kh6 69. Re6+ Kg5 70. g4 Ra3+ 71. Kg2 Kf4 72. Re4+ Kg5 73. Re3 Ra2 74. Kg3 Ra1 75. f4+ Kf6 76. Re6+ Kg7 77. Rb6 Rg1+ 78. Kh4 Ra1 79. Kg5 Ra7 80. Rd6 Kh8 81. Rd8+ Kg7 82.
Rd7+ Kh8 83. Rxa7 1-0

[Event "*** Titled Tuesday Blitz"]
[Site "Chess.com"]
[Date "2021.02.02"]
[Round "7"]
[White "rachidhuilda"]
[Black "MasterSonnevanck23"]
[Result "1/2-1/2"]
[WhiteElo "2226"]
[BlackElo "2373"]
[TimeControl "180+1"]
[EndTime "11:20:09 PST"]
[Termination "Game drawn - insufficient material"]

1. d4 Nf6 2. Bg5 Ne4 3. Bf4 c5 4. f3 Nf6 5. dxc5 b6 6. e4 bxc5 7. e5 Qc7 8. Nc3 Nc6 9. Nd5 Nxd5 10. Qxd5 Bb7 11. Qxc5 e6 12. Qc4 g5 13. Bg3 Bg7 14.
Bd3 h5 15. h4 Bxe5 16. Bxe5 Qxe5+ 17. Ne2 gxh4 18. O-O-O O-O-O 19. Rxh4 Qg5+ 20. Qf4 Rdg8 21. Rdh1 Ne5 22. Qxg5 Nxd3+ 23. cxd3 Rxg5 24. Nf4 e5 25. Rxh5 Rhxh5 26. Rxh5 f6 27. Rxg5 fxg5 28. Ng6 d6 29. Kd2 g4 30. fxg4 Bxg2 31. Nh4 Bd5 32. a3 Kd7 33. Ke3 Ke6 34. Nf5 Bb3 35. Ng3 d5 36.
Nf5 d4+ 37. Kd2 Kf6 38. Ke2 Kg5 39. Kf3 Bd5+ 40. Kg3 Be6 41. Ne7 Bxg4 42. Nc6 Be2 43. Nxe5 Kf5 44. Nc6 Bxd3 45. Nxd4+ Ke4 46. Nc6 a6 47.
Kf2 Bb5 48. Nb4 a5 49. Nc2 Kd3 50. Ne3 Kd2 51. b4 axb4 52. axb4 Kc3 53. Nd5+ Kb3 54. Ke3 Bc6 55. Ne7 Kxb4 1/2-1/2

[Event "*** Titled Tuesday Blitz"]
[Site "Chess.com"]
[Date "2021.02.02"]
[Round "7"]
[White "starplatinum2030"]
[Black "Gerryisplaying"]
[Result "0-1"]
[WhiteElo "2079"]
[BlackElo "2311"]
[TimeControl "180+1"]
[EndTime "11:20:10 PST"]
[Termination "Gerryisplaying won on time"]

1. e4 d5 2. exd5 Qxd5 3. Nc3 Qa5 4. d4 Nf6 5. Nf3 Bf5 6. Bc4 e6 7. Bd2 Bb4 8. a3 Bxc3 9. Bxc3 Qb6 10. O-O O-O 11.
Nh4 Be4 12. Qe2 Nc6 13. Bb3 Nxd4 14. Bxd4 Qxd4 15. Rad1 Qxb2 16. f3 Bc6 17. Qe3 Nd5 18. Bxd5 Bxd5 19. Rb1 Qf6 20. g3 b6 21. Ng2 Rfd8 22.
Nf4 Bb7 23. c4 Qd4 24. Qxd4 Rxd4 25. c5 Rd2 26. cxb6 axb6 27. Rbc1 c5 28. Rb1 Rd6 29. Rb3 Bd5 30. Rd3 Rad8 31. Rfd1 Kf8 32. Kf2 Ke7 33.
Re3 Bc6 34. Rb1 b5 35. Rc1 c4 36. a4 Rd2+ 37. Kg1 Ra2 38. axb5 Bxb5 39. Rb1 Bc6 40. Ne2 Rdd2 41. Nc3 Rg2+ 42. Kf1 Raf2+ 43. Ke1 Bxf3 44. Rb4 Bc6 45. Rxc4 Ba8 46. Rc7+ Kf6 47. Ra7 Bc6 48. Rc7 Bf3 49. Rc4 Bd5 50. Nxd5+ exd5 51. Rc6+ Kg5 52. Rd6 f5 53. Rxd5 g6 54. Rdd3 Rxh2 55.
Rf3 Ra2 0-1

[Event "*** Titled Tuesday Blitz"]
[Site "Chess.com"]
[Date "2021.02.02"]
[Round "7"]
[White "Smirnov_Pavel"]
[Black "Sibelephant"]
[Result "0-1"]
[WhiteElo "2879"]
[BlackElo "3061"]
[TimeControl "180+1"]
[EndTime "11:20:11 PST"]
[Termination "Sibelephant won by resignation"]

1. d4 d5 2. c4 c6 3. cxd5 cxd5 4. Bf4 Nc6 5. e3 Nf6 6. Nc3 a6 7. Be2 Bf5 8. Nf3 e6 9. Qb3 Ra7 10. Ne5 Nxe5 11. Bxe5 Nd7 12. O-O Nxe5 13. dxe5 Be7 14. Qa4+ Kf8 15. Rfd1 Qb8 16. Qd4 b6 17. e4 dxe4 18. Nxe4 Bxe4 19. Qxe4 g6 20. Rac1 Kg7 21. Rc6 Rd8 22. Rcc1 b5 23. g3 Qb6 24. Kg2 Rxd1 25. Rxd1 Rc7 26. Bd3 Rc5 27. h4 Qc7 28. Re1 Rd5 29.
a3 Qd8 30. Re3 Rd4 31. Qf3 h5 32. Be4 Qc7 33. Qf4 Qc1 34. Qf3 Qxb2 35. Bb7 Rd2 36. Re4 Qxa3 37. Qxa3 Bxa3 38. Bxa6 Bc5 39. Rf4 b4 40.
Rf3 Rd5 41. Rd3 Rxe5 42. Rd7 Re1 43. Rb7 Rc1 44. Bd3 Rc3 45. Be4 Rb3 46. Bc6 Rb2 47. Kf3 Rxf2+ 48. Ke4 Re2+ 49. Kd3 Rf2 50. Be8 Bd6 51.
Bd7 Kf8 0-1

[Event "*** Titled Tuesday Blitz"]
[Site "Chess.com"]
[Date "2021.02.02"]
[Round "7"]
[White "ShimanovAlex"]
[Black "Azerichess"]
[Result "0-1"]
[WhiteElo "2831"]
[BlackElo "3004"]
[TimeControl "180+1"]
[EndTime "11:20:11 PST"]
[Termination "Azerichess won by resignation"]

1. b3 e5 2. Bb2 Nc6 3. e3 g6 4.
Bb5 Bg7 5. Nf3 Nge7 6. d4 e4 7. Nfd2 d5 8. Be2 O-O 9. c4 f5 10. g3 Be6 11. Nc3 Kh8 12. h4 h6 13. cxd5 Nxd5 14.
Nxd5 Bxd5 15. Nc4 Kh7 16. Qd2 a5 17. O-O g5 18. hxg5 hxg5 19. Kg2 f4 20. Rh1+ Kg8 21. Bg4 Qe8 22. gxf4 gxf4 23. Rag1 Nb4 24. Ba3 Ra6 25.
Kf1 Raf6 26. Bxb4 fxe3 27. Nxe3 Rxf2+ 28. Qxf2 Rxf2+ 29. Kxf2 axb4 30. Nxd5 Qf7+ 31. Ke2 Qxd5 32. Rh5 Qxd4 33. Be6+ Kf8 34. Rd1 Qb2+ 35. Rd2 Qc3 36. Rf5+ Ke7 37. Bc4 Bd4 38. Rf7+ Kd6 39. Rf8 c5 40.
Re8 e3 41. Rd3 Qc2+ 42. Kf3 Qf2+ 43. Kg4 Qg2+ 44. Kf5 Qf3+ 45. Kg6 Qg4+ 46. Kh6 Qh4+ 47. Kg6 Qg4+ 48. Kh6 e2 49. Rxe2 b5 50. Bxb5 Kc7 51. Rxd4 cxd4 52. Rc2+ Kb6 53. Bc4 d3 54. Rb2 Qh4+ 55.
Kg6 Qg4+ 56. Kf6 Qd4+ 0-1

[Event "*** Titled Tuesday Blitz"]
[Site "Chess.com"]
[Date "2021.02.02"]
[Round "7"]
[White "mikolka1985"]
[Black "BlueWizzard"]
[Result "1-0"]
[WhiteElo "2582"]
[BlackElo "2751"]
[TimeControl "180+1"]
[EndTime "11:20:11 PST"]
[Termination "mikolka1985 won by resignation"]

1. d4 a6 2. Nf3 d6 3. e4 b5 4.
Bd3 Bb7 5. O-O Nd7 6. Re1 e6 7. Nbd2 Ne7 8. c3 h6 9. Nf1 g6 10. Bd2 Nb6 11. b3 c5 12. a4 c4 13. bxc4 Nxc4 14.
axb5 axb5 15. Qb3 Qd7 16. Rxa8+ Bxa8 17. Ra1 Bc6 18. d5 exd5 19. Nd4 Bg7 20. Nxc6 Qxc6 21. exd5 Qxd5 22. Bxc4 Qxc4 23. Ra8+ Kd7 24. Ra7+ Ke6 25. Qd1 Be5 26. Qe1 g5 27. Ne3 Qc5 28. Ra6 Kf6 29. h4 Kg7 30. Qe2 Bf4 31. g3 Be5 32. Qg4 Bf6 33.
h5 Rc8 34. Qe4 Rc7 35. Qd3 d5 36. Ng4 Rc6 37. Ra8 Qc4 38. Qf3 Qe4 39. Qd1 Nf5 40. Nxf6 Rxf6 41. Bc1 g4 42. Bb2 Re6 43. c4+ d4 44.
cxb5 Qe1+ 45. Qxe1 Rxe1+ 46. Kg2 Rb1 47. Ra2 Kf8 48. b6 Ne7 49. b7 Nc6 50. Ra8+ Ke7 51. b8=Q Nxb8 52. Rxb8 Ke6 53. Rb6+ Kf5 54. Bxd4 Rd1 55.
Be3 Rd5 56. Rxh6 f6 57. Rh8 Rd7 58. h6 Kg6 59. Rg8+ Kh5 60. Rg7 Rd8 61. h7 Rh8 62. Bf4 Rb8 1-0

[Event "*** Titled Tuesday Blitz"]
[Site "Chess.com"]
[Date "2021.02.02"]
[Round "7"]
[White "anon132639"]
[Black "TregubovP"]
[Result "1-0"]
[WhiteElo "2811"]
[BlackElo "2598"]
[TimeControl "180+1"]
[EndTime "11:20:12 PST"]
[Termination "anon132639 won by resignation"]

1. Nf3 c5 2. e4 e6 3. c3 d5 4.
exd5 exd5 5. d4 Nf6 6. Be3 Nbd7 7. Nbd2 Be7 8. Bd3 O-O 9. O-O c4 10. Bc2 b5 11. a3 a5 12. h3 Bb7 13. Nh4 g6 14. Bh6 Re8 15. Qf3 Ne4 16. Nf5 Bg5 17.
Nxe4 dxe4 18. Qg3 Bxh6 19. Nxh6+ Kf8 20. Ng4 f5 21. Ne3 Nf6 22. Rae1 Nh5 23. Qh2 Qb8 24. Qxb8 Raxb8 25. g3 Kg7 26. Bd1 Nf6 27. Be2 Bd5 28. Ra1 Rec8 29. Kh2 Be6 30. f4 Nd5 31. Nxd5 Bxd5 32.
g4 Kf6 33. Kg3 Rc7 34. Kf2 Rb6 35. Ke3 b4 36. axb4 axb4 37. Ra5 Be6 38. d5 Bf7 39. Kd4 bxc3 40. bxc3 Rb2 41. Bxc4 Rd2+ 42. Ke3 Rc2 43. Kd4 Rd2+ 44. Ke3 Rh2 45. g5+ Kg7 46.
Kd4 Rxh3 47. Rfa1 Rf3 48. Ra7 Rxa7 49. Rxa7 Kf8 50. d6 Bxc4 51. Kxc4 Rd3 52. Kc5 Rxc3+ 53. Kd5 e3 54. Ke6 Rc8 55. Rf7+ Kg8 56. Re7 e2 57.
Kd5 Kf8 58. Rxe2 Rc1 59. d7 Rd1+ 60. Ke6 Rd4 61. Re3 h5 62. gxh6 Kg8 63. Ke7 Kh7 64.
d8=Q 1-0

[Event "*** Titled Tuesday Blitz"]
[Site "Chess.com"]
[Date "2021.02.02"]
[Round "7"]
[White "MilosJi"]
[Black "AlexeiShirov"]
[Result "0-1"]
[WhiteElo "2662"]
[BlackElo "2834"]
[TimeControl "180+1"]
[EndTime "11:20:14 PST"]
[Termination "AlexeiShirov won by resignation"]

1. Nf3 d5 2. c4 d4 3. e3 Nc6 4.
exd4 Nxd4 5. Nxd4 Qxd4 6. Nc3 c6 7.
d3 Nf6 8. Be3 Qd6 9. Be2 g6 10.
d4 Bg7 11. O-O O-O 12. h3 e5 13. Re1 exd4 14. Qxd4 Qxd4 15. Bxd4 Rd8 16. Rad1 Bf5 17. Be3 Nd7 18. Na4 b6 19. b3 Ne5 20. Rxd8+ Rxd8 21. Rd1 Re8 22. Kf1 h5 23. Nb2 c5 24. Nd3 Nc6 25. Nf4 Nb4 26. g4 hxg4 27. hxg4 Bc8 28.
a4 Nc2 29. Bc1 Nd4 30. Be3 Nxb3 31. g5 Nd4 32. Bd3 Bd7 33. Nd5 Bxa4 34. Ra1 b5 35. Nf6+ Bxf6 36. gxf6 a6 37. Kg2 Re6 38. cxb5 axb5 39.
Rc1 Nb3 40. Rd1 Rxf6 41. Be4 Re6 42. Rd8+ Kg7 43. Bd5 Re5 44. Rd7 Rf5 45. Be6 b4 46.
Bxf5 Bxd7 47. Bxd7 Kf6 48. Ba4 Nd4 49. Bxd4+ cxd4 50. Kf3 Ke5 51. Bb3 f5 52. Bc4 g5 53. Bb3 g4+ 54.
Ke2 f4 55. Bc4 Ke4 56. Bd3+ Ke5 57. Bc4 Kd6 58. Bb3 Kc5 59. Be6 g3 60. fxg3 fxg3 61.
Kf3 d3 62. Kxg3 d2 63. Bb3 Kd4 64. Kf2 Kc3 65. Bd1 b3 66. Bxb3 Kxb3 0-1

[Event "*** Titled Tuesday Blitz"]
[Site "Chess.com"]
[Date "2021.02.02"]
[Round "7"]
[White "ural58"]
[Black "Chuchofrio1"]
[Result "1-0"]
[WhiteElo "2476"]
[BlackElo "2279"]
[TimeControl "180+1"]
[EndTime "11:20:16 PST"]
[Termination "ural58 won by checkmate"]

1. e4 e5 2. f4 Bc5 3. Nf3 Nc6 4. Nxe5 Nxe5 5. d4 Bb6 6. dxe5 d6 7. exd6 cxd6 8. Nc3 Nf6 9. Bb5+ Bd7 10. Bxd7+ Qxd7 11. Qf3 O-O 12. Bd2 Rfe8 13. O-O-O Ba5 14. Rhe1 b5 15.
Nd5 Bxd2+ 16. Rxd2 Nxd5 17. Rxd5 Qc6 18. Red1 Rac8 19.
Qd3 Red8 20. e5 Qa6 21. Rxd6 Rxd6 22. Qxd6 Qa5 23. a3 h6 24. g3 Qa4 25. Rd2 Qc4 26. Kb1 a5 27. Qd3 Qc5 28. Qd4 Qc6 29. f5 b4 30. axb4 axb4 31. b3 Qh1+ 32. Kb2 Ra8 33. Rd1 Qxh2 34. Qxb4 Qe2 35. Qd4 Rc8 36. Rd2 Qf1 37.
g4 Ra8 38. Rd1 Qg2 39. e6 fxe6 40. fxe6 Qb7 41. Qd5 Qa7 42. e7+ Kh8 43. Qd8+ Kh7 44. e8=Q Qa2+ 45. Kc3 Rxd8 46. Qxd8 Qa7 47. Qd3+ Kh8 48.
Qd4 Qa3 49. Qd8+ Kh7 50. Qd3+ Kh8 51. Qd4 Qa2 52. Qd8+ Kh7 53. Qd3+ Kh8 54. b4 Qa3+ 55. Kc4 Qa6+ 56. Kb3 Qe6+ 57. c4 Qxg4 58. b5 Qe6 59. Qd8+ Kh7 60. b6 Qh3+ 61. Qd3+ Qxd3+ 62. Rxd3 h5 63. b7 h4 64. b8=Q h3 65. Qh2 g6 66.
Qxh3+ Kg7 67. Qe3 Kf6 68. Rd5 Kf7 69. Qe5 Kg8 70. Rd6 g5 71. Qe7 g4 72. Rd8# 1-0

[Event "*** Titled Tuesday Blitz"]
[Site "Chess.com"]
[Date "2021.02.02"]
[Round "7"]
[White "TimofeevAr"]
[Black "Vanina1989"]
[Result "1-0"]
[WhiteElo "2872"]
[BlackElo "2698"]
[TimeControl "180+1"]
[EndTime "11:20:17 PST"]
[Termination "TimofeevAr won on time"]

1. e4 c6 2. Nf3 d5 3. d3 Bg4 4.
Nbd2 e6 5. c3 dxe4 6. Nxe4 Nd7 7. h3 Bh5 8. Be2 Ngf6 9. O-O Nxe4 10. dxe4 Qc7 11. Be3 Be7 12. Nd2 Bg6 13. f4 f6 14. Bh5 O-O-O 15. Bxg6 hxg6 16. Qg4 Nf8 17. Rad1 Qa5 18. a3 Qb5 19. b4 Qa6 20. Bd4 Kb8 21. a4 Bxb4 22. Nf3 Be7 23. Rb1 c5 24. Bf2 Qxa4 25. f5 gxf5 26. Qxg7 Rh7 27. Qg3+ Bd6 28.
e5 fxe5 29. Nxe5 f4 30. Qg5 Rc8 31. Rfd1 Be7 32. Qg4 Bf6 33. Qe2 Rg7 34. Ng4 Bxc3 35. Qf3 Bd4 36. Qxf4+ Ka8 37. Bxd4 cxd4 38. Rxd4 Qc2 39.
Ra1 Qc5 40. Kh1 Ng6 41. Qd2 e5 42. Rda4 a6 43. Qe2 Rc6 44. Qe4 Rd7 45. Kh2 Kb8 46. R4a2 Rd4 47. Qf5 Rf4 48. Qg5 Qd6 49. Ne3 e4 50.
Qg3 Rc3 51. Re1 Rd3 52. Rae2 Ka8 53. Rd1 Nh4 54. Rxd3 exd3 55. Rd2 Ng6 56. Nc4 Qc7 57. Qxg6 1-0

[Event "*** Titled Tuesday Blitz"]
[Site "Chess.com"]
[Date "2021.02.02"]
[Round "7"]
[White "Paralinch"]
[Black "Chopper1905"]
[Result "0-1"]
[WhiteElo "2899"]
[BlackElo "2942"]
[TimeControl "180+1"]
[EndTime "11:20:18 PST"]
[Termination "Chopper1905 won on time"]

1. e4 c5 2. Nf3 d6 3. c3 Nf6 4. h3 g6 5. Bd3 Bg7 6. Bc2 e5 7.
O-O O-O 8. d4 exd4 9. cxd4 Nc6 10.
Nc3 cxd4 11. Nxd4 d5 12. Nxc6 bxc6 13. Bg5 h6 14. Be3 Ba6 15. Re1 Re8 16. exd5 Nxd5 17. Nxd5 cxd5 18. Qd2 Rc8 19. Bb3 Bc4 20. Bxh6 Bxh6 21.
Qxh6 Bxb3 22. axb3 Qb6 23. h4 Qxb3 24. h5 Rxe1+ 25.
Rxe1 Qb6 26. Re3 Rc1+ 27. Kh2 Qb8+ 28. Rg3 Rc6 29. f4 Qe8 30. f5 Qe5 31. hxg6 fxg6 32. fxg6 Qh8 33. Qxh8+ Kxh8 34. Rd3 Rb6 35. b3 Kg7 36.
Kg3 Kxg6 37. Kf4 Kf6 38. g4 Rb4+ 39. Kg3 Ke5 40. Kh4 Ke4 41. Rd1 Rxb3 42. Ra1 Rb7 43.
g5 d4 44. g6 d3 45. Kg5 Ke3 46. Kf5 d2 47. Kf6 Ke2 48. g7 Rb8 49. Ra2 Ke1 50.
Rxa7 d1=Q 51. Re7+ Kf2 52. Kf7 Qf3+ 53. Kg6 Qg4+ 54.
Kh7 Qh4+ 0-1

[Event "*** Titled Tuesday Blitz"]
[Site "Chess.com"]
[Date "2021.02.02"]
[Round "7"]
[White "carlocapau"]
[Black "djano"]
[Result "0-1"]
[WhiteElo "2322"]
[BlackElo "2473"]
[TimeControl "180+1"]
[EndTime "11:20:18 PST"]
[Termination "djano won by resignation"]

1. d4 Nf6 2. c4 c5 3. d5 b5 4. cxb5 a6 5. bxa6 Bxa6 6. Nc3 d6 7. f4 g6 8. Nf3 Bg7 9. e4 Bxf1 10. Rxf1 O-O 11. Kf2 Qb6 12. Kg1 Na6 13. Kh1 c4 14. Qe2 Rfc8 15. e5 Ne8 16. Be3 Nc5 17. Bd4 Rab8 18.
Rab1 Qa6 19. f5 Nd3 20. e6 f6 21. fxg6 hxg6 22. Qe4 f5 23. Qh4 Ne5 24. Ng5 Nf6 25. Nf7 Nxf7 26. exf7+ Kxf7 27. Bxf6 exf6 28. Rfe1 Re8 29.
Qf2 Re5 30. b3 cxb3 31. Rxb3 Rxb3 32. axb3 Qd3 33. Ne2 Qxb3 34. Nf4 Qb6 35. Qf1 Bh6 36. Rb1 Qe3 37. Rb7+ Re7 38. Rxe7+ Qxe7 39. Ne6 Qa7 40. h3 Qe3 41. Qb1 Qc1+ 42. Qxc1 Bxc1 43. Kg1 f4 44. Kf2 g5 45. Kf3 Kg6 46. Nd8 Kf5 47. Nf7 Ba3 48. Nh6+ Ke5 49. Kg4 Kxd5 50. Kf5 Kc4 51. Ng4 Bb2 52.
Nxf6 Bxf6 53. Kxf6 d5 54. Kxg5 d4 55. h4 d3 56. h5 d2 57. h6 d1=Q 58. h7 Qd4 59. Kg6 Qh8 0-1

[Event "*** Titled Tuesday Blitz"]
[Site "Chess.com"]
[Date "2021.02.02"]
[Round "7"]
[White "The_Machine04"]
[Black "Cambek64"]
[Result "0-1"]
[WhiteElo "2487"]
[BlackElo "2293"]
[TimeControl "180+1"]
[EndTime "11:20:18 PST"]
[Termination "Cambek64 won on time"]

1. d4 Nf6 2. Bg5 d5 3. e3 Bf5 4. c4 Bxb1 5. Rxb1 Ne4 6. Bf4 e6 7. c5 b6 8. b4 Nc3 9. Qc2 Nxb1 10. Qxb1 c6 11. Nf3 f6 12. Be2 Be7 13. O-O O-O 14.
Bd3 f5 15. Ne5 Bf6 16. Rc1 b5 17. a4 a6 18. h3 Qc8 19. Qa2 Nd7 20. Nxd7 Qxd7 21. Ra1 Qb7 22. Bd6 Rfc8 23. f4 Bd8 24. g4 g6 25. g5 Bc7 26. Bxc7 Qxc7 27. axb5 axb5 28. Qxa8 Rxa8 29. Rxa8+ Kg7 30. Ra6 h6 31. h4 hxg5 32. hxg5 Qb7 33. Rb6 Qc8 34. Kf2 Kf7 35. Bxb5 cxb5 36. Rxb5 Qa6 37. Ra5 Qd3 38. Ra7+ Ke8 39.
Rb7 Qd2+ 40. Kf3 Qd1+ 41. Kf2 Qc2+ 42. Ke1 Qe4 43. Kd2 e5 44. fxe5 f4 45. exf4 Qxd4+ 46. Kc2 Qc4+ 47. Kb2 d4 48. Rb8+ Kd7 49. Rb6 Qc3+ 50.
Ka2 d3 51. Rd6+ Ke7 52. c6 d2 0-1

[Event "*** Titled Tuesday Blitz"]
[Site "Chess.com"]
[Date "2021.02.02"]
[Round "7"]
[White "Genghis_K"]
[Black "Rsnr"]
[Result "1-0"]
[WhiteElo "2934"]
[BlackElo "2782"]
[TimeControl "180+1"]
[EndTime "11:20:19 PST"]
[Termination "Genghis_K won by resignation"]

1. e4 c6 2. d4 d5 3. exd5 cxd5 4. Bd3 Nc6 5. c3 Qc7 6. h3 Nf6 7. Nf3 g6 8. O-O Bf5 9. Be2 Bg7 10. Na3 a6 11. Nc2 O-O 12. Ne3 Rad8 13. Nxf5 gxf5 14. Ne1 Ne4 15. Nd3 e6 16. Bf4 Qe7 17. f3 Nd6 18.
Re1 Nc4 19. Bf1 Qh4 20. Qe2 Rfe8 21. Qf2 Qxf2+ 22. Kxf2 Bf8 23. g4 fxg4 24. hxg4 f6 25. Rad1 e5 26. dxe5 fxe5 27. Bc1 e4 28. fxe4 dxe4 29.
Nf4 e3+ 30. Kg3 Nd2 31. Bxd2 Rxd2 32. Bc4+ Kh8 33. Rxd2 exd2 34. Rd1 Bh6 35. Ne6 Ne5 36. Bd5 Be3 37. c4 b6 38. b3 a5 39. Nc7 Re7 40. Nb5 h6 41. Nd6 Rg7 42. Bf3 Rg5 43. Nf5 Bc5 44.
Rxd2 h5 45. Kf4 Nxf3 46. Rd8+ Kh7 47. Rd7+ Kh8 48. Kxf3 Rxg4 49. Rd8+ Kh7 50. Rd7+ Kg6 51. Ng3 Rg5 52. Ne4 Rf5+ 53. Ke2 h4 54. Rd8 Kh5 55. Rh8+ Kg4 56. Rg8+ Kf4 57. Nc3 Rh5 58. Nd5+ Ke4 59. Nf6+ 1-0